 Dungeon Crawl Stone Soup version 0.21.1-1-g345015f (webtiles) character file.

37 GenChuck the Sneak (level 3, 1/40 HPs)
             Began as a Human Assassin on Apr 2, 2018.
             Was an Initiate of Elyvilon.
             Quit the game on level 2 of the Dungeon.
             The game lasted 00:11:06 (1123 turns).

GenChuck the Sneak (Human Assassin)                 Turns: 1123, Time: 00:11:07

Health: 1/40       AC: 21    Str: 11    XL:     3   Next: 62%
Magic:  3/3        EV:  2    Int: 11    God:    Elyvilon [......]
Gold:   62         SH:  0    Dex: 20    Spells: 2/2 levels left

rFire    . . .     SeeInvis .   a - +2 dagger
rCold    . . .     Gourm    .   (no shield)
rNeg     + + +     Faith    .   (armour currently unavailable)
rPois    +         Spirit   .   (helmet currently unavailable)
rElec    .         Reflect  .   (cloak currently unavailable)
rCorr    .         Harm     .   (gloves currently unavailable)
MR       .....     Clarity  +   (boots currently unavailable) Stlth ++++......NoTele +
                                (no amulet)
HPRegen  0.13/turn              k - ring of poison resistance
MPRegen  0.08/turn              (no ring)

@: agile, lethally poisoned (1 -> -3), tree-form
A: clarity
a: Renounce Religion


You were on level 2 of the Dungeon.
You worshipped Elyvilon.
Elyvilon was noncommittal.
You were not hungry.
You were a tree.
You visited 1 branch of the dungeon, and saw 3 of its levels.

You collected 62 gold pieces.

Inventory:

Hand Weapons
 a - a +2 dagger (weapon)
 b - a +0 blowgun
 j - a +0 whip
Missiles
 e - 8 poisoned needles
 f - 2 curare-tipped needles
Armour
 c - a +0 robe
 d - a +0 cloak (melded)
 i - a +1 scale mail (melded)
 p - a +1 scale mail of cold resistance
Jewellery
 k - a ring of poison resistance (left branch)
Potions
 l - a potion of haste
Comestibles
 g - 2 rations


   Skills:
 + Level 2.0 Fighting
 * Level 2.2 Short Blades
 + Level 2.1 Throwing
 + Level 1.1 Armour
 * Level 1.2 Dodging
 + Level 4.6 Stealth


You had 2 spell levels left.
You didn't know any spells.

Dungeon Overview and Level Annotations

Branches:
Dungeon (3/15)

Altars:
Elyvilon


Innate Abilities, Weirdness & Mutations

((You have a beak for a mouth.))
You possess an exceptional clarity of mind.
((Your flesh is heat resistant. (rF+)))


Message History

There is a lethal amount of poison in your body!
There is a lethal amount of poison in your body!
There is a lethal amount of poison in your body!
There is a lethal amount of poison in your body!
There is a lethal amount of poison in your body!
There is a lethal amount of poison in your body!
Unknown command.
Unknown command.
Unknown command.
Saving game... please wait.
Welcome back, GenChuck the Human Assassin.
Elyvilon says: Go forth and aid the weak!
Press ? for a list of commands and other information.
There is a lethal amount of poison in your body!
There is a lethal amount of poison in your body!
There is a lethal amount of poison in your body!
There is a lethal amount of poison in your body!
Quiver which item? (- for none, * to show all) (? for menu, Esc to quit)
Okay, then.
Are you sure you want to abandon this character and quit the game? (Confirm with "yes".)

........####<#.#
##.#....)....#.#
#..########.######
##.#.............#
........#.#####.#
##...[.....# #.#
.........# #.#
.........# #.#
.......♣.#####.#
...............#
.......>########
.#.###### .. .


There were no monsters in sight!

Vanquished Creatures
  An adder (D:2)
  A leopard gecko (D:1)
  2 goblins (D:1)
  5 hobgoblins (D:1)
  A bat (D:1)
  4 frilled lizards (D:1)
  11 kobolds
  4 rats
29 creatures vanquished.

Notes
Turn   | Place    | Note
-------+----------+-------------------------------------------
     0 | D:1      | GenChuck the Human Assassin began the quest for the Orb.
     0 | D:1      | Reached XP level 1. HP: 16/16 MP: 1/1
   164 | D:1      | Reached XP level 2. HP: 22/22 MP: 2/2
   690 | D:2      | Found a white marble altar of Elyvilon.
   696 | D:2      | Became a worshipper of Elyvilon the Healer
   705 | D:1      | Reached XP level 3. HP: 27/27 MP: 3/3
  1117 | D:2      | Reached skill level 1 in Armour
  1118 | D:2      | HP: 1/27 [poisoned by an adder]
  1119 | D:2      | Elyvilon protects you from harm!
  1122 | D:2      | Gained mutation: You have a beak for a mouth. [potion of mutation]
  1122 | D:2      | Gained mutation: Your flesh is heat resistant. (rF+) [potion of mutation]
  1122 | D:2      | Gained mutation: You possess an exceptional clarity of mind. [potion of mutation]
  1123 | D:2      | Quit the game

Skill      XL: |  1  2  3 |
---------------+----------+-----
Armour         | 1 |  1.1
Fighting       | |  2.0
Short Blades   | |  2.2
Throwing       | |  2.1
Dodging        | |  1.2
Stealth        | |  4.6

Action                   || total
-------------------------++-------
Melee: Dagger            ||   104
  Use: Scroll            ||     6
       Potion            ||     3
 Stab: Sleeping          ||     2
  Eat: Chunk             ||     1
Armor: Scale mail        ||    36
       Robe              ||     2
Dodge: Dodged            ||    44
